 Dungeon Crawl Stone Soup version 0.29-a0-1052-g6990b1bffc (webtiles) character file.

Game seed: 14849493734005766578

94 SensoryNuts the Shield-Bearer (level 4, -3/44 HPs)
             Began as a Troll Fighter on Aug 17, 2022.
             Slain by an orc
             ... wielding a +0 trident
              (5 damage)
             ... on level 4 of the Dungeon.
             The game lasted 00:04:48 (2372 turns).

SensoryNuts the Shield-Bearer (Troll Fighter)       Turns: 2372, Time: 00:04:50

Health: -3/44      AC: -4    Str: 25 (26) XL:     4   Next: 38%
Magic:  3/3        EV:  8    Int:  8 (9)  God:
Gold:   173        SH:  7    Dex:  6 (9)  Spells: 3/3 levels left

rFire   + + .      SeeInvis +   k - +1 mace
rCold   . . .      Faith    .   b - +0 kite shield
rNeg    . . .      Spirit   .   a - +0 robe
rPois   .          Reflect  .   (helmet restricted)
rElec   .          Harm     .   f - scarf {rC+ rF+}
rCorr   .          Rampage  .   (gloves unavailable)
Will    .....                   (boots unavailable)
Stlth   +.........              (no amulet)
HPRegen 0.94/turn               m - ring of Mamimel {Fire *Corrode Int+5 SInv}
MPRegen 0.08/turn               (no ring)

@: mighty, corroded, flying
A: large, unfitting armour, claws 3, regeneration 1, shaggy fur 1, tough skin 1
a: no special abilities


You were on level 4 of the Dungeon.
You visited 1 branch of the dungeon, and saw 4 of its levels.

You collected 173 gold pieces.

Inventory:

Hand Weapons
 k - a +1 mace (weapon)
Missiles
 n - a throwing net (quivered)
Armour
 a - a +0 robe (worn)
 b - a +0 kite shield (worn)
 f - a scarf of resistance (worn)
Jewellery
 j - an amulet of regeneration
 m - the ring of Mamimel (left claw) {Fire *Corrode Int+5 SInv}
   (You found it on level 2 of the Dungeon)

   [ring of fire]

   It enhances your fire magic.
   Int:       It affects your intelligence (+5).
   rF:        It protects you from fire.
   rC:        It makes you vulnerable to cold.
   SInv:      It lets you see invisible.
   *Corrode:  It may corrode you when you take damage.
 p - a ring of fire
Wands
 d - a wand of polymorph (6)
Scrolls
 e - a scroll of enchant weapon
 g - a scroll of enchant armour {unknown}
 h - 2 scrolls of torment {unknown}
 l - 3 scrolls of teleportation
 o - a scroll of identify {unknown}


   Skills:
 + Level 2.7 Fighting
 + Level 1.4 Maces & Flails
 + Level 3.0 Dodging
 + Level 3.2 Shields
 + Level 2.6 Unarmed Combat


You had 3 spell levels left.
You didn't know any spells.
Your spell library contained the following spells:

 Spells                   Type           Power      Damage    Failure   Level
 Foxfire                  Conj/Fire      0%         2x1d4     71%         1
 Sandblast                Erth           0%         2d4       71%         1
 Blink                    Tloc           0%         N/A       83%         2
 Passwall                 Tmut/Erth      0%         N/A       83%         2
 Conjure Flame            Conj/Fire      0%         6-21      97%         3
 Inner Flame              Hex/Fire       0%         N/A       97%         3
 Lesser Beckoning         Tloc           0%         N/A       97%         3
 Stone Arrow              Conj/Erth      0%         3d7       97%         3
 Animate Dead             Necr           0%         N/A       100%        4
 Flame Wave               Conj/Fire      0%         2d4       100%        4
 Manifold Assault         Tloc           0%         N/A       100%        5
 Haunt                    Necr/Summ      0%         N/A       100%        7
 Infestation              Necr           0%         N/A       100%        8


Dungeon Overview and Level Annotations

Branches:
Dungeon (4/15)
 Temple: D:4-7

Altars:


Innate Abilities, Weirdness & Mutations

You are too large for most types of armour.
You have claws for hands.
Your natural rate of healing is unusually fast.
You are covered in fur. (AC +1)
You have tough skin. (AC +1)


Message History

The orc closely misses you.
The orc hits you with a +0 mace of protection.
The orc barely misses you.
The orc hits you with a +0 mace of protection.
Your corrosive artefact corrodes you!
You completely miss the orc.
The orc is heavily wounded.
You block the orc's attack. The orc barely misses you.
The orc hits you from afar with a +0 trident!
You closely miss the orc.
The orc is heavily wounded.
The orc hits you with a +0 dagger. You block the orc's attack.
The orc hits you from afar with a +0 trident.
The orc hits you with a +0 dagger.
Your corrosive artefact corrodes you!
The orc hits you with a +0 mace of protection.
You block the orc's attack.
You feel very mighty all of a sudden. You block the orc's attack.
The orc hits you with a +0 mace of protection.
* * * LOW HITPOINT WARNING * * *
The orc completely misses you.
You closely miss the orc.
The orc is heavily wounded.
The orc hits you with a +0 dagger.
* * * LOW HITPOINT WARNING * * *
You block the orc's attack.
The orc hits you from afar with a +0 trident.
* * * LOW HITPOINT WARNING * * *
It was a potion of curing.
You feel better. The orc hits you with a +0 dagger.
* * * LOW HITPOINT WARNING * * *
The orc hits you with a +0 mace of protection!
* * * LOW HITPOINT WARNING * * *
You block the orc's attack.
It was a potion of flight.
You feel very buoyant.
You fly up into the air.
The orc hits you with a +0 dagger.
* * * LOW HITPOINT WARNING * * *
The orc closely misses you.
The orc hits you from afar with a +0 trident.
You die...

##.#########
...ooo.oo..#
##..####o###
#<.o@#
######


You could see 4 orcs.

Vanquished Creatures
  An adder (D:3)
  2 worms (D:2)
  2 dart slugs (D:2)
  2 orcs
  3 ball pythons
  4 bats
  7 endoplasms
  7 giant cockroaches
  6 goblins
  6 hobgoblins
  10 kobolds
  3 quokkas
  6 frilled lizards
  4 rats
63 creatures vanquished.

Notes
Turn   | Place    | Note
-------+----------+-------------------------------------------
     0 | D:1      | SensoryNuts the Troll Fighter began the quest for the Orb.
     0 | D:1      | Reached XP level 1. HP: 22/22 MP: 0/0
   186 | D:1      | Reached XP level 2. HP: 29/29 MP: 1/1
   358 | D:1      | Found a faded altar of an unknown god.
   978 | D:2      | You fall into a shaft and drop 1 floor!
  1056 | D:2      | Reached XP level 3. HP: 36/36 MP: 2/2
  1085 | D:2      | Identified the ring of Mamimel {Fire *Corrode Int+5 SInv}
  1823 | D:3      | Reached skill level 1 in Maces & Flails
  1852 | D:3      | Reached XP level 4. HP: 32/44 MP: 3/3
  2372 | D:4      | HP: 2/44 [orc/+0 dagger (2)]
  2372 | D:4      | Slain by an orc

Illustrated notes

Levels and vault maps discovered:
D:1:      wander_arrival_peaceful_grave, layout_basic,
          ebering_ecumenical_altar_webs, chequers_arboretum
D:2:      layout_loops_ring, kennysheep_generic_room_9
D:3:      layout_basic
D:4:      minmay_angry_zag, layout_basic, kennysheep_flooded_box,
          nicolae_figureground_sparkle

Skill      XL: |  1  2  3 |
---------------+----------+-----
Shields        | 3 |  3.2
Dodging        | 3 |  3.0
Maces & Flails | 1 |  1.4
Fighting       | |  2.7
Unarmed Combat | |  2.6

Action                   |  1- 3 |  4- 6 || total
-------------------------+-------+-------++-------
Melee: Unarmed           |    58 |       ||    58
       Mace              |    81 |    44 ||   125
  Use: Potion            |     5 |     3 ||     8
       Scroll            |     3 |       ||     3
Armor: Robe              |    52 |    13 ||    65
Dodge: Dodged            |    50 |    21 ||    71
Block: Kite shield       |    52 |    22 ||    74

Table legend: (Time is in decaauts)
 A = Elapsed time spent in this place.
 B = Non-inter-level travel time spent in this place.
 C = Inter-level travel time spent in this place.
 D = Time resting spent in this place.
 E = Time spent auto-exploring this place.
 F = Levels seen in this place.
 G = Mean time per level.
                   A        B        C        D        E       F      G
               +--------+--------+--------+--------+--------+-----+--------+
         Total |   2424 |   2402 |     22 |      0 |   1824 |   4 |  606.0 |
       Dungeon |   2424 |   2402 |     22 |      0 |   1824 |   4 |  606.0 |
               +--------+--------+--------+--------+--------+-----+--------+

Top non-repeatable levels by time:
     D:1: 980 daAuts
     D:2: 768 daAuts
     D:3: 656 daAuts
     D:4: 19 daAuts
